 Dungeon Crawl Stone Soup version 0.26-a0-712-ga5a9c9c9d0 (webtiles) character file.

Game seed: 11643881138412383179

1774 kae the Transmogrifier (level 9, 0/68 (70) HPs)
             Began as a Naga Transmuter on Nov 3, 2020.
             Was an Initiate of Cheibriados.
             Slain by an orc warrior
             ... wielding a +0 scimitar
              (9 damage)
             ... on level 7 of the Dungeon.
             The game lasted 00:06:50 (8955 turns).

kae the Transmogrifier (Naga Transmuter)            Turns: 8955, Time: 00:06:50

HP:   0/68 (70)     AC:  2    Str: 17    XL:     9   Next: 7%
MP:   0/12          EV: 19    Int: 14    God:    Cheibriados [......]
Gold: 204           SH:  0    Dex: 18    Spells: 8/12 levels left

rFire    . . .     SeeInvis +     - Unarmed
rCold    . . .     Faith    .   (shield currently unavailable)
rNeg     . . .     Spirit   +   (armour currently unavailable)
rPois    x         Reflect  .   (helmet currently unavailable)
rElec    .         Harm     .   (cloak currently unavailable)
rCorr    .         Rampage  .   (gloves currently unavailable)
MR       +....                  (no barding)
Stlth    ++........             i - amulet of guardian spirit
HPRegen  0.21/turn              p - +4 ring of slaying
MPRegen  0.13/turn              (no ring)

@: short of breath, spider-form, very slow
A: tiny, see invisible, spit poison 1, AC +3
a: Spit Poison, End Transformation, Bend Time, Renounce Religion


You were on level 7 of the Dungeon.
You worshipped Cheibriados.
Cheibriados was noncommittal.
You were a venomous arachnid creature.
You visited 2 branches of the dungeon, and saw 9 of its levels.
You also visited: Sewer.

You collected 385 gold pieces.
You spent 181 gold pieces at shops.

Inventory:

Armour
 a - a +1 robe (melded)
 b - a +2 hat (melded)
 s - a +1 pair of gloves
Jewellery
 i - an amulet of guardian spirit (around neck)
 p - a +4 ring of slaying (left front leg)
 w - an uncursed ring of fire {unknown}
Scrolls
 h - a scroll of remove curse
 l - 6 scrolls of teleportation
 n - 2 scrolls of fear
 u - 2 scrolls of amnesia
Potions
 c - 2 potions of brilliance
 d - 2 potions of flight
 e - 4 potions of might
 f - 4 potions of curing
 g - 5 potions of heal wounds
 j - 3 potions of cancellation
 k - a potion of mutation
 m - a potion of resistance {unknown}
 o - a potion of ambrosia
 q - 2 potions of haste {unknown}
 r - a potion of stabbing {unknown}
 t - a potion of berserk rage {unknown}
 v - a potion of magic {unknown}


   Skills:
 - Level 1.0 Fighting
 - Level 1.5 Dodging
 + Level 6.9 Unarmed Combat
 - Level 2.0 Spellcasting
 * Level 9.2 Transmutations
 - Level 4.0 Poison Magic


You had 8 spell levels left.
You knew the following spells:

 Your Spells              Type           Power        Failure   Level
a - Beastly Appendage     Tmut           ####..       3%          1
b - Spider Form           Tmut/Pois      ###.......   14%         3

Your spell library contained the following spells:

 Spells                   Type           Power        Failure   Level
 Wereblood                Tmut           ####....     4%          2
 Blade Hands              Tmut           ####......   34%         5
 Apportation              Tloc           #.....       45%         1
 Foxfire                  Conj/Fire      #...         45%         1
 Ice Form                 Ice/Tmut       ##......     56%         4
 Petrify                  Tmut/Erth      ##......     56%         4
 Confusing Touch          Hex            #.......     77%         3
 Gell's Gravitas          Tloc           #.........   77%         3
 Teleport Other           Tloc           #.......     77%         3
 Yara's Violent Unravell  Hex/Tmut       ##........   86%         5
 Metabolic Englaciation   Hex/Ice        #.........   100%        5
 Starburst                Conj/Fire      #.........   100%        6


Dungeon Overview and Level Annotations

Branches:
Dungeon (8/15)             Temple (1/1) D:6           Sewer (visited)
   Lair: D:8-11

Altars:
Cheibriados
Dithmenos
Elyvilon
Fedhas
Gozag
Hepliaklqana
Kikubaaqudgha
Makhleb
Nemelex Xobeh
Okawaru
Qazlal
Ru
Sif Muna
Uskayaw
Vehumet
Wu Jian
Yredelemnul
Zin

Shops:
D:4 *   D:5 ?


Innate Abilities, Weirdness & Mutations

You cannot wear boots.
((Your serpentine skin is tough. (AC +3)))
You have supernaturally acute eyesight. (SInv)
((Armour fits poorly on your strangely shaped body.))
((Your system is resistant to poisons. (rPois)))
((You cover ground very slowly.))
You can spit poison.


Message History

Aim: an orc warrior, wielding a +0 scimitar and wearing a +0 chain mail (lightly wounded, extremely poisoned)
The splash of poison misses the orc warrior.
The orc warrior hits you with a +0 scimitar!
* * * LOW HITPOINT WARNING * * *
You bite the orc warrior!
The orc warrior looks as sick as possible!
The orc warrior is heavily wounded.
An orc comes into view. It is wielding a +0 falchion.
The orc warrior hits you with a +0 scimitar!
* * * LOW HITPOINT WARNING * * *
Unknown command.
Unknown command.
You hit the orc warrior but do no damage.
The orc warrior looks as sick as possible!
The orc warrior is almost dead.
You hit the orc warrior but do no damage.
The orc warrior is almost dead.
The orc jeers noisily, as Orcs often do.
The orc warrior hits you with a +0 scimitar!
You die...

###. #... #.#.### #
#<....# #.#.....### ..
......
.###.##..##############
......os...............
.#(.#.#o#..............
# #.#..............
#o#..............
#.#..............
..#..............
###..............
#..............
#..............


You could see an orc warrior (extremely poisoned) and 2 orcs.

Vanquished Creatures
  Eustachio (D:5)
  A water moccasin (D:6)
  An orc warrior (D:4)
  2 black bears (D:6)
  A sky beast (D:6)
  2 necrophages (D:6)
  A centaur (D:5)
  A bullfrog (D:6)
  An electric eel (D:6)
  A howler monkey (D:4)
  2 jellies
  A gnoll shaman (D:4)
  A hound (D:5)
  2 orc priests
  An iguana (D:6)
  5 worker ants
  2 orc wizards (D:4)
  A hound zombie (D:6)
  A hound skeleton (D:6)
  10 gnolls
  11 adders
  5 river rats
  A white imp (D:5)
  An ooze (D:1)
  3 worms
  A dart slug (D:1)
  4 leopard geckos
  19 orcs
  7 ball pythons
  3 bats
  A giant cockroach (D:4)
  5 goblins
  6 hobgoblins
  8 jackals
  13 kobolds
  4 quokkas
  6 frilled lizards
  19 rats
155 creatures vanquished.

Vanquished Creatures (others)
  An orc wizard (D:7)
  A worker ant (D:7)
  A gnoll (D:7)
3 creatures vanquished.

Grand Total: 158 creatures vanquished

Notes
Turn   | Place    | Note
-------+----------+-------------------------------------------
     0 | D:1      | kae the Naga Transmuter began the quest for the Orb.
     0 | D:1      | Reached XP level 1. HP: 18/18 MP: 3/3
   297 | D:1      | Reached XP level 2. HP: 20/25 MP: 3/5
   952 | D:2      | Reached skill level 3 in Transmutations
   966 | D:2      | Reached XP level 3. HP: 31/31 MP: 6/6
   971 | D:2      | Learned a level 3 spell: Spider Form
  1049 | D:2      | Reached skill level 1 in Poison Magic
  1150 | D:2      | Reached XP level 4. HP: 7/38 MP: 0/7
  1569 | D:2      | Found a sacrificial altar of Ru.
  3065 | D:3      | Reached XP level 5. HP: 32/44 MP: 6/8
  3297 | D:3      | Reached skill level 4 in Transmutations
  4421 | D:4      | Found Kineysch's Assorted Antiques.
  4432 | D:4      | Reached XP level 6. HP: 51/51 MP: 7/9
  4507 | D:4      | Bought a murky white potion for 27 gold pieces
  4507 | D:4      | Bought a scroll labeled ETINTEFFEM for 31 gold pieces
  4565 | D:4      | Found a glowing drain.
  4569 | Sewer    | Entered a sewer
  5315 | D:4      | Reached skill level 5 in Transmutations
  5633 | D:4      | Found the +5 scythe "Finisher" {speed, eviscerate}
  5775 | D:4      | Reached XP level 7. HP: 57/57 MP: 6/10
  6059 | D:4      | Reached skill level 6 in Transmutations
  6150 | D:4      | Reached skill level 5 in Unarmed Combat
  6586 | D:5      | Entered Level 5 of the Dungeon
  6596 | D:5      | Found a glowing silver altar of Zin.
  6950 | D:5      | Reached XP level 8. HP: 58/64 MP: 7/11
  7026 | D:5      | Noticed Eustachio
  7062 | D:5      | Killed Eustachio
  7062 | D:5      | Reached skill level 7 in Transmutations
  7495 | D:5      | Found Zeal's Magic Scroll Emporium.
  7499 | D:5      | Bought a scroll of identify for 26 gold pieces
  7499 | D:5      | Bought a scroll of identify for 26 gold pieces
  7499 | D:5      | Bought a scroll of amnesia for 45 gold pieces
  7499 | D:5      | Bought a scroll of identify for 26 gold pieces
  7902 | D:6      | Reached skill level 8 in Transmutations
  8539 | D:6      | Found a staircase to the Ecumenical Temple.
  8560 | Temple   | Entered the Ecumenical Temple
  8702 | Temple   | Became a worshipper of Cheibriados the Contemplative
  8740 | D:6      | Reached skill level 9 in Transmutations
  8740 | D:6      | Reached XP level 9. HP: 68/68 MP: 8/12
  8896 | D:6      | You fall into a shaft and drop 2 floors!
  8935 | D:7      | Identified the Volume of Burning Displacement
  8955 | D:7      | Slain by an orc warrior

Illustrated notes

Levels and vault maps discovered:
D:1:      saegor_arrival_simple_c, layout_basic
D:2:      layout_basic, nicolae_ru_awakened_eye
D:3:      layout_basic
D:4:      layout_cave_pods, gup_sewer_entry_bowl, serial_shops,
          nicolae_shop_competitors_out_of_business, serial_column_ruins,
          column_ruins_columns_straight, column_ruins_open_small,
          column_ruins_corridor_T, column_ruins_open_medium,
          column_ruins_open_tiny, guppyfry_early_orc_mine
D:5:      layout_basic, lemuel_doored_altar, serial_shops, kennysheep_mini,
          uniq_eustachio
D:6:      layout_cave_pools, kennysheep_mini_moat,
          minmay_temple_entry_overgrown, grunt_decor_one_mirror,
          nicolae_lava_and_water
D:7:      layout_basic, xom_confusion_cloud, hangedman_decor_lopped
D:8:      layout_basic, uniq_joseph, uniq_harold
Temple:   regret_index_temple_sphere_string

Skill      XL: |  1  2  3  4  5  6  7  8 |
---------------+-------------------------+-----
Transmutations | 3 4 5 6 9 |  9.2
Poison Magic   | 1 2 3 4 |  4.0
Unarmed Combat | 4 5 6 |  6.9
Fighting       | |  1.0
Dodging        | |  1.5
Spellcasting   | |  2.0

Action                   |  1- 3 |  4- 6 |  7- 9 || total
-------------------------+-------+-------+-------++-------
Melee: Unarmed           |    29 |   157 |   197 ||   383
       Headbutt          |     3 |     8 |       ||    11
       Punch             |       |     1 |     1 ||     2
 Cast: Beastly Appendage |    17 |    22 |     1 ||    40
       Spider Form       |     2 |    23 |    32 ||    57
 Abil: Spit Poison       |    19 |    42 |    17 ||    78
  Use: Scroll            |       |    17 |     4 ||    21
 Stab: Sleeping          |       |     1 |       ||     1
Armor: Robe              |     4 |    14 |     7 ||    25
       Skin              |       |     2 |    14 ||    16
Dodge: Dodged            |    27 |   107 |   232 ||   366

Table legend: (Time is in decaauts)
 A = Elapsed time spent in this place.
 B = Non-inter-level travel time spent in this place.
 C = Inter-level travel time spent in this place.
 D = Time resting spent in this place.
 E = Time spent auto-exploring this place.
 F = Levels seen in this place.
 G = Mean time per level.
                   A        B        C        D        E       F      G
               +--------+--------+--------+--------+--------+-----+--------+
         Total |  10459 |  10151 |    308 |    517 |   8332 |  10 | 1045.9 |
       Dungeon |   9368 |   9088 |    280 |    517 |   7458 |   8 | 1171.0 |
        Temple |    215 |    187 |     28 |      0 |    186 |   1 |  215.0 |
         Sewer |    875 |    875 |      0 |      0 |    688 |   1 |  875.0 |
               +--------+--------+--------+--------+--------+-----+--------+

Top non-repeatable levels by time:
     D:2: 2094 daAuts
     D:3: 1920 daAuts
     D:4: 1906 daAuts
     D:5: 1129 daAuts
     D:1: 1128 daAuts
     D:6: 1120 daAuts
   Sewer: 875 daAuts
  Temple: 215 daAuts
     D:7: 61 daAuts
     D:8: 7 daAuts
